General information
- name: BNet
- type: Ladder team game (AT/RT)
- host: Battle.net
- saver: I.Beat.My.Wife
map: Deadlock
- players: 8
- length: 12:53
- speed: Fast
- version: 1.26 W3XP
- replay type: Public
» download(54 KB)
Players
team 1 (winner)

»
MulletInAction (
pink | 46 APM | 595 actions | 12:52)
4 Death Knight
2 Death Coil
2 Unholy Aura
» actions
| Assign group hotkey | 163 | |
| Basic commands | 1 | |
| Build / train | 30 | |
| Enter build submenu | 16 | |
| Enter hero's abilities submenu | 4 | |
| Right click | 147 | |
| Select / deselect | 128 | |
| Select group hotkey | 83 | |
| Use ability | 23 | |
595 total
» units
| Acolyte | 3 | |
| Ghoul | 3 | |
| Crypt Fiend | 11 | |
| Meatwagon | 1 | |
18 total
» upgrades
| Creature Attack | 2 | |
| Creature Carapace | 1 | |
| Web | 1 | |
4 total
» buildings
| Altar of Darkness | 1 | |
| Ziggurat | 7 | |
| Crypt | 1 | |
| Graveyard | 1 | |
| Tomb of Relics | 1 | |
| Halls of the Dead | 1 | |
| Spirit Tower | 1 | |
| Slaughterhouse | 2 | |
15 total
» build order
00:10 Altar of Darkness
00:15 Ziggurat
00:41 Crypt
01:13 Graveyard
01:26 Ziggurat
01:41 Tomb of Relics
03:10 Ziggurat
05:42 Ziggurat
07:12 Halls of the Dead
08:38 Spirit Tower
08:41 Ziggurat
09:42 Slaughterhouse
09:48 Slaughterhouse
11:34 Ziggurat
11:42 Ziggurat
» items
I.Beat.My.Wife (
orange | 63 APM | 812 actions | 12:53)
3 Death Knight
2 Death Coil
1 Unholy Aura
» actions
| Assign group hotkey | 14 | |
| Basic commands | 25 | |
| Build / train | 46 | |
| Enter build submenu | 15 | |
| Enter hero's abilities submenu | 3 | |
| Right click | 266 | |
| Select / deselect | 245 | |
| Select group hotkey | 159 | |
| Use ability | 39 | |
812 total
» units
| Acolyte | 2 | |
| Ghoul | 3 | |
| Crypt Fiend | 13 | |
| Meatwagon | 1 | |
19 total
» upgrades
| Creature Carapace | 2 | |
| Creature Attack | 3 | |
| Web | 1 | |
6 total
» buildings
| Altar of Darkness | 1 | |
| Ziggurat | 5 | |
| Crypt | 1 | |
| Graveyard | 1 | |
| Tomb of Relics | 1 | |
| Nerubian Tower | 1 | |
| Spirit Tower | 8 | |
| Halls of the Dead | 1 | |
| Slaughterhouse | 2 | |
| Black Citadel | 1 | |
22 total
» build order
00:07 Altar of Darkness
00:09 Ziggurat
00:37 Crypt
00:57 Graveyard
01:20 Tomb of Relics
01:40 Nerubian Tower
02:06 Ziggurat
03:14 Spirit Tower
03:14 Spirit Tower
03:14 Spirit Tower
04:37 Ziggurat
05:34 Spirit Tower
06:53 Halls of the Dead
06:55 Ziggurat
07:50 Spirit Tower
08:29 Ziggurat
09:17 Slaughterhouse
09:19 Slaughterhouse
09:52 Black Citadel
10:47 Spirit Tower
» items

»
schweinebesamer (
blue | 22 APM | 283 actions | 12:52)
4 Priestess of the Moon
1 Scout
3 Trueshot Aura
» actions
| Assign group hotkey | 10 | |
| Basic commands | 19 | |
| Build / train | 40 | |
| Enter build submenu | 11 | |
| Enter hero's abilities submenu | 3 | |
| Right click | 26 | |
| Select / deselect | 97 | |
| Select group hotkey | 60 | |
| Use ability | 17 | |
283 total
» units
| Wisp | 13 | |
| Archer | 8 | |
| Glaive Thrower | 3 | |
24 total
» upgrades
| Strength of the Moon | 3 | |
| Moon Armor | 3 | |
| Improved Bows | 1 | |
| Vorpal Blades | 1 | |
| Marksmanship | 1 | |
9 total
» buildings
| Altar of Elders | 1 | |
| Moon Well | 6 | |
| Ancient of War | 2 | |
| Hunter's Hall | 1 | |
| Ancient of Wonders | 1 | |
| Tree of Ages | 1 | |
| Tree of Life | 1 | |
| Tree of Eternity | 1 | |
14 total
» build order
00:37 Altar of Elders
00:38 Moon Well
01:12 Moon Well
01:55 Ancient of War
02:00 Ancient of War
02:34 Moon Well
03:34 Hunter's Hall
03:40 Ancient of Wonders
04:39 Tree of Ages
06:32 Tree of Life
08:32 Tree of Eternity
08:40 Moon Well
08:41 Moon Well
08:42 Moon Well

»
samiam (
teal | 24 APM | 313 actions | 12:52)
5 Paladin
1 Holy Light
2 Divine Shield
2 Devotion Aura
1 Archmage
1 Summon Water Elemental
» actions
| Build / train | 44 | |
| Enter build submenu | 16 | |
| Enter hero's abilities submenu | 6 | |
| Right click | 117 | |
| Select / deselect | 97 | |
| Use ability | 33 | |
313 total
» units
| Peasant | 9 | |
| Footman | 6 | |
| Mortar Team | 9 | |
24 total
» upgrades
| Defend | 1 | |
| Gunpowder | 3 | |
| Armor | 1 | |
| Lumber Harvesting | 2 | |
| Fragmentation Shards | 1 | |
8 total
» buildings
| Altar of Kings | 1 | |
| Barracks | 1 | |
| Farm | 9 | |
| Arcane Vault | 1 | |
| Blacksmith | 1 | |
| Lumber Mill | 1 | |
| Keep | 1 | |
| Castle | 1 | |
| Workshop | 2 | |
18 total
» build order
00:11 Altar of Kings
00:15 Barracks
00:19 Farm
01:02 Farm
01:53 Farm
02:32 Farm
03:16 Arcane Vault
04:04 Blacksmith
04:26 Farm
05:20 Lumber Mill
05:26 Keep
08:14 Castle
08:23 Workshop
08:37 Farm
09:30 Workshop
09:50 Farm
10:51 Farm
12:24 Farm
» items
| Scroll of Regeneration | 1 | |
| Lesser Clarity Potion | 1 | |
2 total
team 2 (loser)
eat1122 (
yellow | 0 APM | 1 actions | 12:53)

»
yourfearfactor (
purple | 41 APM | 299 actions | 07:17)
2 Mountain King
1 Storm Bolt
1 Bash
1 Paladin
1 Holy Light
» actions
| Build / train | 56 | |
| Enter build submenu | 24 | |
| Enter hero's abilities submenu | 3 | |
| Right click | 68 | |
| Select / deselect | 121 | |
| Use ability | 27 | |
299 total
» units
» upgrades
» buildings
| Altar of Kings | 2 | |
| Farm | 14 | |
| Barracks | 4 | |
| Blacksmith | 2 | |
22 total
» build order
00:23 Altar of Kings
00:31 Altar of Kings
00:43 Farm
00:48 Farm
00:57 Barracks
01:03 Barracks
01:32 Farm
01:38 Farm
02:08 Farm
02:11 Barracks
02:17 Barracks
02:20 Farm
02:46 Farm
02:58 Farm
03:19 Blacksmith
03:28 Blacksmith
03:32 Farm
03:42 Farm
04:17 Farm
04:25 Farm
06:11 Farm
06:14 Farm
C0BRA_187 (
green | 78 APM | 517 actions | 06:38)
1 Tauren Chieftain
1 War Stomp
» actions
| Assign group hotkey | 8 | |
| Build / train | 27 | |
| Enter build submenu | 11 | |
| Enter hero's abilities submenu | 1 | |
| Right click | 295 | |
| Select / deselect | 102 | |
| Select group hotkey | 38 | |
| Use ability | 35 | |
517 total
» units
» upgrades
» buildings
| Orc Burrow | 3 | |
| Barracks | 1 | |
| Altar of Storms | 1 | |
| Voodoo Lounge | 2 | |
| War Mill | 1 | |
8 total
» build order
00:34 Orc Burrow
00:42 Barracks
00:49 Altar of Storms
01:38 Orc Burrow
01:47 Voodoo Lounge
02:13 Voodoo Lounge
02:49 Orc Burrow
04:15 War Mill
» items
| Scroll of Speed | 1 | |
| Healing Salve | 2 | |
3 total
Chat log
(00:11 / All) I.Beat.My.Wife: I like niggers
(00:13 / All) I.Beat.My.Wife: I like rape
(00:15 / All) I.Beat.My.Wife: I like a good show
(00:29 / Allies) I.Beat.My.Wife: be prepared to defend a rush
(00:33 / Allies) I.Beat.My.Wife: leaver on their side
(02:49 / Allies) I.Beat.My.Wife: they will rush it's 3v4
(04:24 / Allies) I.Beat.My.Wife: get ready for them to hit
(04:25 / Allies) I.Beat.My.Wife: any time now
(05:48 / Allies) I.Beat.My.Wife: TP
(06:18 / Allies) schweinebesamer: use ghoul
(06:40 / All) I.Beat.My.Wife: gg
(07:12 / All) yourfearfactor: fucking nigger yellow is afk
(07:16 / All) I.Beat.My.Wife: raped son gtfo
(07:33 / All) I.Beat.My.Wife: I've backstabbed red and cobra before
(07:35 / All) I.Beat.My.Wife: They suck ass
(07:38 / All) I.Beat.My.Wife: And are jackasses
(12:06 / All) I.Beat.My.Wife: He was AFK just like that tryhard said earlier
(12:46 / All) I.Beat.My.Wife: 2v4 rapage
(12:51 / All) I.Beat.My.Wife: Not even very impressive